 Dungeon Crawl Stone Soup version 0.29-a0-121-g8efb068a30 (webtiles) character file.

Game seed: 3276038804539336722

3678 Noname the Insei (level 10, 0/60 (66) HPs)
             Began as an Octopode Transmuter on Feb 20, 2022.
             Was an Initiate of Gozag.
             Slain by a polar bear (17 damage)
             ... on level 8 of the Dungeon.
             The game lasted 00:24:05 (9416 turns).

Noname the Insei (Octopode Transmuter)              Turns: 9416, Time: 00:24:05

HP:   0/60 (66)     AC:  1    Str: 10    XL:     10   Next: 13%
MP:   17/17         EV: 12    Int: 19    God:    Gozag
Gold: 181           SH: 13    Dex: 13    Spells: 11/18 levels left

rFire   + . .      SeeInvis .   c - +1 dagger (elec)
rCold   . . .      Faith    .   n - +0 kite shield
rNeg    . . .      Spirit   .   (helmet restricted)
rPois   +          Reflect  +   z - amulet of reflection
rElec   .          Harm     .   h - ring of protection from fire
rCorr   .          Rampage  .   u - ring of poison resistance
Will    .....                   J - ring of wizardry
Stlth   +++.......              (no ring)
HPRegen 0.20/turn               (no ring)
MPRegen 0.15/turn               (no ring)
                                (no ring)
                                (no ring)

@: brilliant, drained
A: almost no armour, amphibious, 8 rings, camouflage 1, gelatinous body 1,
(nimble swimmer 1), tentacles
a: Renounce Religion, Potion Petition, Call Merchant, Bribe Branch


You were on level 8 of the Dungeon.
You worshipped Gozag.
Gozag was aware of your devotion.
You visited 3 branches of the dungeon, and saw 11 of its levels.
You also visited: Bailey.

You collected 1019 gold pieces.
You paid 838 gold pieces to Gozag.

Inventory:

Hand Weapons
 a - the +10 dagger "Nucur" {drain, rC++}
   (You found it on level 3 of the Dungeon)

   A truly terrible weapon, it drains the life of any living foe it strikes.
   rC:        It greatly protects you from cold.
 b - a +0 dagger of venom
 c - a +1 dagger of electrocution (weapon)
 B - a +0 trident
Missiles
 f - 6 boomerangs
 s - 37 poisoned darts (quivered)
 G - 4 javelins
Armour
 n - a +0 kite shield (worn)
Jewellery
 h - a ring of protection from fire (left tentacle)
 k - a ring of fire
 u - a ring of poison resistance (right tentacle)
 z - an amulet of reflection (around mantle)
 J - a ring of wizardry (on tentacle)
Wands
 r - a wand of acid (15)
 x - a wand of mindburst (35)
 D - a wand of flame (16)
 F - a wand of iceblast (19)
 I - a wand of digging (2)
Scrolls
 d - 2 scrolls of magic mapping {unknown}
 g - 5 scrolls of teleportation
 l - a scroll of fear {unknown}
 p - 2 scrolls of enchant armour {unknown}
 q - 3 scrolls of vulnerability
 t - 3 scrolls of torment {unknown}
 v - 3 scrolls of blinking {unknown}
 w - 2 scrolls of noise {unknown}
 y - 2 scrolls of immolation {unknown}
 C - a scroll of fog {unknown}
 H - a scroll of silence {unknown}
 K - a scroll of identify {@r1}
 L - a scroll of brand weapon {unknown}
 M - 3 scrolls of amnesia {unknown}
 O - a scroll of enchant weapon {unknown}
Potions
 e - 4 potions of heal wounds {unknown}
 i - 4 potions of curing {unknown}
 j - 3 potions of magic
 m - 3 potions of attraction
 o - a potion of flight
 A - a potion of mutation {unknown}
 E - a potion of cancellation {unknown}
 N - a potion of might {unknown}


   Skills:
 + Level 5.0 Fighting
 + Level 0.3 Short Blades
 - Level 4.5 Dodging
 - Level 3.7 Stealth
 + Level 2.3 Shields
 + Level 7.6 Unarmed Combat
 + Level 4.9 Spellcasting
 * Level 7.4 Transmutations
 + Level 3.4 Ice Magic
 - Level 2.2 Evocations


You had 11 spell levels left.
You knew the following spells:

 Your Spells              Type           Power      Damage    Failure   Level
a - Beastly Appendage     Tmut           98%        N/A       1%          1
b - Wereblood             Tmut           49%        N/A       1%          2
c - Ice Form              Ice/Tmut       37%        N/A       17%         4

Your spell library contained the following spells:

 Spells                   Type           Power      Damage    Failure   Level
 Spider Form              Tmut/Pois      28%        N/A       11%         3
 Apportation              Tloc           14%        N/A       16%         1
 Foxfire                  Conj/Fire      28%        2x1d5     16%         1
 Conjure Flame            Conj/Fire      7%         6-21      43%         3
 Inner Flame              Hex/Fire       7%         N/A       43%         3
 Stone Arrow              Conj/Erth      14%        3d7       43%         3
 Alistair's Intoxication  Tmut/Pois      18%        N/A       65%         5
 Cause Fear               Hex            3%         N/A       82%         4
 Flame Wave               Conj/Fire      7%         2d5       82%         4
 Discord                  Hex            3%         N/A       100%        8
 Lehudib's Crystal Spear  Conj/Erth      3%         10d3      100%        8
 Animate Armour           Summ/Erth      Unusable   N/A       N/A         4

Dungeon Overview and Level Annotations

Branches:
Dungeon (9/15)             Temple (1/1) D:5            Lair (1/6) D:8
 Bailey (visited)
    Orc: D:9-12

Altars:
Ashenzari
Cheibriados
Dithmenos
Elyvilon
Fedhas
Gozag
Kikubaaqudgha
Makhleb
Nemelex Xobeh
Okawaru
Qazlal
Ru
Sif Muna
Uskayaw
Vehumet
Wu Jian
Xom
Yredelemnul
The Shining One

Shops:
D:1 [   D:5 *   D:8 (


Innate Abilities, Weirdness & Mutations

You cannot wear most types of armour.
You are amphibious.
You can wear up to eight rings at the same time.
Your skin changes colour to match your surroundings (Stealth+).
Your rubbery body absorbs attacks. (AC +1, EV +1)
((You are camouflaged when in or above water. (Stealth+)))
You have tentacles for arms and can constrict up to eight enemies at once.


Message History

You block the polar bear's attack. The polar bear misses you.
The polar bear closely misses you. You block the cane toad's attack.
You climb upwards.
Welcome back to the Dungeon!
There is a staircase to the Lair here. [a] - 800 gold - haste, resistance, invisibility and might [b] - 616 gold - heal wounds, berserk rage, invisibility and might [c] - 360 gold - brilliance and magic Purchase which effect?
You don't have enough gold for that! [a] - 800 gold - haste, resistance, invisibility and might [b] - 616 gold - heal wounds, berserk rage, invisibility and might [c] - 360 gold - brilliance and magic Purchase which effect?
You don't have enough gold for that! [a] - 800 gold - haste, resistance, invisibility and might [b] - 616 gold - heal wounds, berserk rage, invisibility and might [c] - 360 gold - brilliance and magic Purchase which effect?
You don't have enough gold for that! [a] - 800 gold - haste, resistance, invisibility and might [b] - 616 gold - heal wounds, berserk rage, invisibility and might [c] - 360 gold - brilliance and magic Purchase which effect?
You no longer have enough gold to petition Gozag for potion effects.
You feel clever all of a sudden. Magic courses through your body.
You block the polar bear's attack.
The polar bear closely misses you. x2; The cane toad stings you!
* * * LOW HITPOINT WARNING * * *
The polar bear bites you but does no damage.
You block the polar bear's attack. x2
You take 8 damage, and have 17/60 hp.
You hit the polar bear but do no damage.
Lightning courses through the polar bear!
You tentacle-slap the polar bear, but do no damage.
The polar bear is almost dead.
The cane toad stings you.
* * * LOW HITPOINT WARNING * * *
The polar bear bites you!
You die...
Your body crumbles into a pile of gold.

#####....# #.### #.# '..###.#.#
#.# #.# #...##.#.# #.# #.#
#...##.#.# #.# #.# '._.##.#.#
#.# #.# #...##.#.# #.# #.#
#...#..#.# ##.## #.#
'..##..#.############...#####.#
####...#.#....)h@F............#
..###.##.#.##########...#######
..# #.##.#.# ##.## ..# #.##...#
#.# ..# #.###### #># ..# #.#
##### #.# ..# #.# #...####.#
..# #.# #........# ..# #.#
#...######


You could see a polar bear (berserk) and a cane toad.

Vanquished Creatures
  Sigmund (D:3)
  A wyvern (D:8)
  2 steam dragons
  2 water moccasins (D:6)
  3 black bears
  A necrophage (D:6)
  2 centaurs
  2 kobold brigands
  A gnoll sergeant (D:6)
  A bullfrog (D:8)
  3 scorpions
  A wyvern zombie (D:8)
  A water moccasin zombie (D:7)
  2 wyvern skeletons
  8 killer bees
  7 wights
  2 howler monkeys (D:5)
  A centaur zombie (D:7)
  A bullfrog skeleton (D:5)
  An orc priest (D:3)
  5 hounds
  4 jellies
  A gnoll shaman (D:7)
  2 centaur skeletons
  Jessica (D:3)
  Ijyb (D:4)
  4 iguanas
  2 orc wizards
  A hound skeleton (D:4)
  Robin (D:3)
  14 gnolls
  5 adders
  2 shadow imps
  2 white imps
  An ufetubus (D:5)
  2 adder skeletons (D:4)
  2 worms
  4 dart slugs
  28 orcs
  9 bats
  6 endoplasms
  A giant cockroach (D:3)
  9 hobgoblins
  7 jackals
  23 kobolds
  A quokka (D:3)
  6 ball pythons
  3 frilled lizards
  16 goblins
  7 rats
213 creatures vanquished.

Notes
Turn   | Place    | Note
-------+----------+-------------------------------------------
     0 | D:1      | Noname the Octopode Transmuter began the quest for the Orb.
     0 | D:1      | Reached XP level 1. HP: 13/13 MP: 3/3
   172 | D:1      | Reached XP level 2. HP: 9/18 MP: 3/5
   477 | D:1      | Found Getetejod's Armour Shoppe.
   485 | D:1      | Found a faded altar of an unknown god.
   963 | D:2      | Reached XP level 3. HP: 23/23 MP: 4/6
  1492 | D:3      | Learned a level 2 spell: Wereblood
  1948 | D:3      | Reached XP level 4. HP: 29/29 MP: 5/7
  2382 | D:3      | Noticed Jessica
  2387 | D:3      | Killed Jessica
  2388 | D:3      | Reached XP level 5. HP: 34/34 MP: 8/8
  2767 | D:3      | Noticed Robin
  2771 | D:3      | Killed Robin
  2782 | D:3      | Identified the +10 dagger "Nucur" {drain, rC++}
  2980 | D:3      | Noticed Sigmund
  2985 | D:3      | Killed Sigmund
  2986 | D:3      | Reached XP level 6. HP: 41/41 MP: 10/10
  3049 | D:4      | Noticed Ijyb
  3221 | D:4      | Reached XP level 7. HP: 45/45 MP: 9/11
  3289 | D:4      | Reached skill level 5 in Unarmed Combat
  3802 | D:4      | Killed Ijyb
  3941 | D:5      | Entered Level 5 of the Dungeon
  3962 | D:5      | Found a staircase to the Ecumenical Temple.
  4019 | Temple   | Entered the Ecumenical Temple
  4307 | Temple   | Became a worshipper of Gozag Ym Sagoz the Greedy
  4338 | D:5      | Reached skill level 5 in Transmutations
  4338 | D:5      | Reached XP level 8. HP: 40/52 MP: 13/13
  4411 | D:5      | Found Digoinolu's Assorted Antiques.
  4541 | D:5      | Reached skill level 1 in Stealth
  4575 | D:5      | Learned a level 4 spell: Ice Form
  4624 | D:5      | Found a blossoming altar of Fedhas.
  5296 | D:6      | Reached skill level 1 in Ice Magic
  5416 | D:6      | Noticed a brown ugly thing
  5559 | D:6      | Reached XP level 9. HP: 58/58 MP: 13/15
  5784 | D:7      | Noticed a +0 spear
  5784 | D:7      | Noticed a +0 dagger
  5784 | D:7      | Noticed a +0 short sword
  5784 | D:7      | Noticed a +0 dagger
  5784 | D:7      | Noticed a +0 falchion
  5784 | D:7      | Noticed a +0 short sword
  5784 | D:7      | Noticed a +0 falchion
  5784 | D:7      | Noticed a +0 spear
  5784 | D:7      | Found a hide-covered altar of Uskayaw.
  6034 | D:7      | Found a white marble altar of Elyvilon.
  6041 | D:7      | Found a flagged portal.
  6077 | Bailey   | Entered a bailey
  6707 | Bailey   | Noticed an orc knight
  6819 | D:7      | Reached skill level 1 in Shields
  7148 | D:7      | Found a broken altar of Ashenzari.
  7346 | D:7      | Reached skill level 1 in Evocations
  7688 | D:8      | Found Wofruaq's Weapon Emporium.
  7836 | D:8      | Found a staircase to the Lair.
  7955 | D:8      | Found a shimmering altar of Xom.
  8230 | D:8      | Reached XP level 10. HP: 34/65 MP: 17/17
  8490 | D:9      | Reached skill level 5 in Fighting
  8731 | D:9      | Found a sacrificial altar of Ru.
  9351 | D:9      | Noticed a manticore
  9401 | Lair:1   | Entered Level 1 of the Lair of Beasts
  9404 | Lair:1   | Noticed a cane toad
  9416 | D:8      | Slain by a polar bear

Illustrated notes

Levels and vault maps discovered:
D:1:      heliophobic_arrival_battle_scene, layout_loops_ring, serial_shops,
          nicolae_shop_behind_doors, ebering_ecumenical_altar_abandoned
D:2:      layout_rooms
D:3:      kennysheep_six_static_rooms, layout_loops_ring, serial_park_tiny_2,
          uniq_sigmund, uniq_robin, uniq_jessica
D:4:      layout_cave_pools, uniq_ijyb
D:5:      layout_cave_pools, mainiacjoe_overflow_alcove_4,
          minmay_temple_entry_large_hall, serial_shops, shop,
          kennysheep_minor_cross
D:6:      layout_loops_ring, zin_angel, minmay_misc_feat_five,
          kennysheep_generic_room_9
D:7:      layout_basic, lemuel_round_altar, nicolae_overflow_crystal_walls,
          nicolae_uskayaw_en_pointe, enter_bailey_5
D:8:      layout_loops_ring, dk_xom_monty_hall, lair_entry_dummy,
          minmay_misc_feat_iff, nicolae_stop_n_shop_2
D:9:      layout_basic, nicolae_ru_awakened_eye, zombieorc1_lemuel,
          serial_shops, shop, uniq_psyche, uniq_erolcha
Temple:   nicolae_temple_figure_eight
Lair:1:   layout_gridlike

Skill      XL: |  1  2  3  4  5  6  7  8  9 10 |
---------------+-------------------------------+-----
Transmutations | 3 4 5 6 7 |  7.4
Fighting       | 2 3 4 5 |  5.0
Unarmed Combat | 4 5 6 7 |  7.6
Dodging        | 3 4 |  4.5
Spellcasting   | 3 4 |  4.9
Stealth        | 3 |  3.7
Ice Magic      | 1 3 |  3.4
Shields        | 2 |  2.3
Evocations     | 2 |  2.2
Short Blades   | |  0.3

Action                   |  1- 3 |  4- 6 |  7- 9 | 10-12 || total
-------------------------+-------+-------+-------+-------++-------
Melee: Unarmed           |    17 |       |       |       ||    17
       Constrict         |    19 |    26 |    54 |     7 ||   106
       Tentacles         |    17 |    11 |    51 |     9 ||    88
       Kick              |    13 |    24 |    70 |     9 ||   116
       Dagger            |    71 |    84 |   235 |    31 ||   421
       Punch             |     1 |     2 |    15 |     2 ||    20
Throw: Dart              |       |     2 |    13 |       ||    15
 Cast: Beastly Appendage |    23 |    18 |    41 |     3 ||    85
       Wereblood         |       |     5 |     7 |     3 ||    15
Invok: Potion Petition   |       |       |     2 |     1 ||     3
Evoke: Wand              |       |       |     3 |       ||     3
  Use: Potion            |       |       |     1 |       ||     1
       Scroll            |       |       |     5 |       ||     5
 Stab: Sleeping          |     6 |     4 |    26 |     1 ||    37
       Invisible         |       |       |     1 |       ||     1
       Distracted        |       |       |     1 |       ||     1
Armor: Skin              |    13 |     2 |     6 |     2 ||    23
Dodge: Dodged            |    61 |    40 |   103 |    29 ||   233
Block: Other             |       |       |    12 |       ||    12
       Kite shield       |       |       |    56 |    34 ||    90
       Reflection        |       |       |     4 |       ||     4

Table legend: (Time is in decaauts)
 A = Elapsed time spent in this place.
 B = Non-inter-level travel time spent in this place.
 C = Inter-level travel time spent in this place.
 D = Time resting spent in this place.
 E = Time spent auto-exploring this place.
 F = Levels seen in this place.
 G = Mean time per level.
                   A        B        C        D        E       F      G
               +--------+--------+--------+--------+--------+-----+--------+
         Total |   9453 |   8835 |    618 |   1982 |   4703 |  12 |  787.8 |
       Dungeon |   8473 |   7892 |    581 |   1586 |   4449 |   9 |  941.4 |
        Temple |    297 |    261 |     36 |      0 |    254 |   1 |  297.0 |
          Lair |     13 |     13 |      0 |      0 |      0 |   1 |   13.0 |
        Bailey |    668 |    668 |      0 |    396 |      0 |   1 |  668.0 |
               +--------+--------+--------+--------+--------+-----+--------+

Top non-repeatable levels by time:
     D:8: 1546 daAuts
     D:3: 1290 daAuts
     D:7: 1163 daAuts
     D:4: 928 daAuts
     D:6: 926 daAuts
     D:2: 917 daAuts
     D:1: 830 daAuts
     D:5: 681 daAuts
  Bailey: 668 daAuts
  Temple: 297 daAuts
     D:9: 188 daAuts
  Lair:1: 13 daAuts
